 Dungeon Crawl Stone Soup version 0.21-a0-591-g2314aa1 (webtiles) character file.

50 mopl the Stinger (level 3, 0/28 HPs)
             Began as a Naga Venom Mage on Dec 22, 2017.
             Slain by a quokka (3 damage)
             ... on level 3 of the Dungeon.
             The game lasted 00:02:51 (1927 turns).

mopl the Stinger (Naga Venom Mage)                  Turns: 1927, Time: 00:02:53

Health: 0/28       AC:  2    Str: 10    XL:     3   Next: 79%
Magic:  0/6        EV: 10    Int: 16    God:
Gold:   92         SH:  0    Dex: 11    Spells: 1/7 levels left

rFire    . . .     SeeInvis +   m - +0 short sword
rCold    . . .     Gourm    .   (no shield)
rNeg     . . .     Faith    .   a - +0 robe
rPois    +         Spirit   .   (no helmet)
rElec    .         Reflect  .   (no cloak)
rCorr    .         Harm     .   (no gloves)
MR       .....                  (no barding)
Stlth    ++........             (no amulet)
HPRegen  0.09/turn              (no ring)
MPRegen  0.10/turn              (no ring)

@: very slow
A: large, see invisible, deformed body, poison resistance, slowness 2, slow
metabolism 1, spit poison 1, AC +1
a: Spit Poison


You were on level 3 of the Dungeon.
You were not hungry.

You visited 1 branch of the dungeon, and saw 3 of its levels.

You collected 92 gold pieces.

Inventory:

Hand Weapons
 m - a +0 short sword (weapon)
Missiles
 f - a throwing net (quivered)
 l - 12 poisoned needles
Armour
 a - a +0 robe (worn)
Scrolls
 e - 2 scrolls of enchant weapon {unknown}
 i - 5 scrolls of identify {unknown}
 k - a scroll of teleportation {unknown}
 n - a scroll of immolation {unknown}
 o - a scroll of remove curse {unknown}
Potions
 d - a potion of degeneration {unknown}
 h - a potion of brilliance {unknown}
 j - a potion of curing {unknown}
 p - a potion of flight {unknown}
Books
 b - a Young Poisoner's Handbook

   Spells                             Type                      Level
   a - Sting                          Conjuration/Poison           1
   b - Poisonous Vapours              Poison/Air                   2
   c - Mephitic Cloud                 Conjuration/Poison/Air       3
   d - Olgreb's Toxic Radiance        Poison                       4
   e - Venom Bolt                     Conjuration/Poison           5
Comestibles
 c - 2 rations


   Skills:
 - Level 1.5 Dodging
 - Level 3.0 Stealth
 + Level 2.5 Spellcasting
 + Level 1.9 Conjurations
 + Level 1.0 Air Magic
 + Level 4.7 Poison Magic


You had one spell level left.
You knew the following spells:

 Your Spells              Type           Power        Failure   Level  Hunger
a - Sting                 Conj/Pois      ##..         4%          1    #......
b - Poisonous Vapours     Pois/Air       ##....       9%          2    ##.....
c - Mephitic Cloud        Conj/Pois/Air  ##......     21%         3    ###....


Dungeon Overview and Level Annotations

Branches:
Dungeon (3/15)

Altars:
Kikubaaqudgha
Makhleb
Nemelex Xobeh
Okawaru
Qazlal


Innate Abilities, Weirdness & Mutations

You cannot wear boots.
Your serpentine skin is tough. (AC +1)
You have supernaturally acute eyesight. (SInv)
Armour fits poorly on your strangely shaped body.
Your system is resistant to poisons. (rPois)
You cover ground very slowly.
You have a slow metabolism.
You can spit poison.


Message History

You closely miss the hobgoblin.
The hobgoblin is severely wounded.
The hobgoblin hits you with a club. The orc barely misses you.
The quokka bites you.
You hit the hobgoblin.
You kill the hobgoblin!
The quokka barely misses you. The orc hits you with a club.
* * * LOW HITPOINT WARNING * * *
The quokka bites you.
* * * LOW HITPOINT WARNING * * *
Casting: Poisonous Vapours
Confirm with . or Enter, or press ? or * to list all spells.
Aiming: Poisonous Vapours
Press: ? - help, Dir - move target cursor, f - orc
Aim: an orc, wielding a club and wearing a ring mail Poisonous vapours surround the orc!
The orc is engulfed in poison gas.
The orc is poisoned.
The orc hits you with a club.
* * * LOW HITPOINT WARNING * * *
The quokka bites you.
You die...

### ###
#.....#
#.#.#.########
.............
#.#.#r#.......
#...)@oo..#
###########


You could see 2 orcs and a quokka.

Vanquished Creatures
  An adder (D:2)
  An ooze (D:1)
  2 leopard geckos (D:1)
  2 orcs (D:3)
  2 goblins
  7 hobgoblins
  7 bats
  2 frilled lizards (D:1)
  3 kobolds
  6 rats
33 creatures vanquished.

Notes
Turn   | Place    | Note
-------+----------+-------------------------------------------
     0 | D:1      | mopl the Naga Venom Mage began the quest for the Orb.
     0 | D:1      | Reached XP level 1. HP: 15/15 MP: 3/3
   235 | D:1      | Reached XP level 2. HP: 18/22 MP: 0/5
   242 | D:1      | Learned a level 2 spell: Poisonous Vapours
   903 | D:1      | Reached XP level 3. HP: 28/28 MP: 4/6
   908 | D:1      | Learned a level 3 spell: Mephitic Cloud
  1371 | D:2      | Found an iron altar of Okawaru.
  1376 | D:2      | Found an ancient bone altar of Kikubaaqudgha.
  1380 | D:2      | Found a stormy altar of Qazlal.
  1381 | D:2      | Found a burning altar of Makhleb.
  1382 | D:2      | Found a sparkling altar of Nemelex Xobeh.
  1402 | D:2      | Reached skill level 1 in Air Magic
  1927 | D:3      | Slain by a quokka

Vault maps used:
D:1:      dpeg_arrival_stone_temple_mockup
D:2:      minitemple, minivault_4
D:3:      first_ration, elyvilon_altar_4, uniq_crazy_yiuf_cottage

Skill      XL: |  1  2  3 |
---------------+----------+-----
Air Magic      | 1 |  1.0
Dodging        | |  1.5
Stealth        | |  3.0
Spellcasting   | |  2.5
Conjurations   | |  1.9
Poison Magic   | |  4.7

Action                   || total
-------------------------++-------
Melee: Unarmed           ||    17
       Short sword       ||     7
 Cast: Sting             ||    19
       Poisonous Vapours ||    15
 Abil: Spit Poison       ||    16
  Eat: Chunk             ||     4
Armor: Robe              ||     4
Dodge: Dodged            ||    29

Table legend:
 A = Spawn XP
 B = Non-spawn XP
 C = Spawn XP percentage of total XP
 D = Spawn monster count
 E = Non-spawn monster count
 F = Spawn count percentage of total count
 G = Total turns spent on level
                    A         B        C        D         E        F      G
               +---------+---------+-------+---------+---------+-------+---------
         Total |       0 |      72 |   0.0 |       0 |      33 |   0.0 |  1927
               +---------+---------+-------+---------+---------+-------+---------
           D:1 |       0 |      39 |   0.0 |       0 |      21 |   0.0 |  1307
           D:2 |       0 |      25 |   0.0 |       0 |       9 |   0.0 |   610
           D:3 |       0 |       8 |   0.0 |       0 |       3 |   0.0 |    10
               +---------+---------+-------+---------+---------+-------+---------
